[Event "Titled Tuesday Blitz January 31 Early 2023"]
[White "Lamaze, Simon"]
[Black "Salimova, Nurgyul"]
[WhiteFideId "36069264"]
[BlackFideId "2915138"]
[WhiteElo "2363"]
[BlackElo "2391"]
[Result "1-0"]
[Round "04"]
[TimeControl "180+2"]
[Date "2023.01.31"]
[WhiteClock "0:00:04"]
[BlackClock "0:00:08"]

1. e4 c6 2. d4 d5 3. e5 Bf5 4. c4 e6 5. Nc3 Nd7 6. cxd5 cxd5 7. Bd3 Bxd3 8. Qxd3 Bb4 9. Bd2 Ne7 10. Nf3 Nf5 11. Nxd5 Bxd2+ 12. Nxd2 Nxe5 13. dxe5 Qxd5 14. Qxd5 exd5 15. Ke2 O-O-O 16. Kd3 Rhe8 17. f4 f6 18. Nf3 g5 19. g4 Nh6 20. Rac1+ Kb8 21. fxg5 fxg5 22. h3 Nf7 23. Kd4 Rd7 24. Rc5 Nd8 25. Rxd5 Nc6+ 26. Ke4 Rde7 27. Rhd1 Kc7 28. a3 h6 29. b4 a6 30. h4 Rf8 31. hxg5 hxg5 32. Nxg5 Rg8 33. e6 Nd8 34. Rd7+ Rxd7 35. Rxd7+ Kc6 36. Rd5 Re8 37. Re5 Kd6 38. Rd5+ Kc6 39. Ke5 Rg8 40. Nf7 Nxe6 41. Rd6+ Kc7 42. Rxe6 Kd7 43. Nh6 1-0


[Site "https://www.chess.com"]

[Event "Titled Tuesday Blitz January 31 Early 2023"]
[White "Postny, Evgeny"]
[Black "Al-Tarboush, Ward"]
[WhiteFideId "2804344"]
[BlackFideId "7601450"]
[WhiteElo "2549"]
[BlackElo "2256"]
[Result "1-0"]
[Round "04"]
[TimeControl "180+2"]
[Date "2023.01.31"]
[WhiteClock "0:00:13"]
[BlackClock "0:00:01"]

1. d4 Nf6 2. Nf3 g6 3. Bg5 Bg7 4. Nbd2 d5 5. e3 O-O 6. Bd3 c5 7. c3 Nc6 8. O-O b6 9. h3 Bb7 10. a4 Re8 11. Bb5 a6 12. Bxc6 Bxc6 13. Ne5 Bb7 14. a5 cxd4 15. exd4 bxa5 16. Nb3 Ne4 17. Be3 f6 18. Nd3 Bc6 19. Nxa5 Bb5 20. Re1 Qc7 21. Nf4 Qd7 22. f3 Ng3 23. Bf2 Nf5 24. Ne6 Bh6 25. Nb3 Qd6 26. Nbc5 Ng7 27. Nxg7 Bxg7 28. Re6 Qf4 29. Qe1 Qf5 30. Rxe7 Rxe7 31. Qxe7 Re8 32. Qb7 Re2 33. Nxa6 Qc2 34. Qxd5+ Kf8 35. Nc7 Bh6 36. Ne6+ Kg8 37. Ra8+ Kf7 38. Ng5+ Ke7 39. Ra7+ Ke8 40. Qa8# 1-0


[Site "https://www.chess.com"]

[Event "Titled Tuesday Blitz January 31 Early 2023"]
[White "Wong, Yinn Long"]
[Black "Sukandar, Irine Kharisma"]
[WhiteFideId "5707684"]
[BlackFideId "7101937"]
[WhiteElo "2371"]
[BlackElo "2390"]
[Result "1-0"]
[Round "04"]
[TimeControl "180+2"]
[Date "2023.01.31"]
[WhiteClock "0:00:16"]
[BlackClock "0:00:09"]

1. e4 e5 2. Nf3 Nc6 3. Bc4 Bc5 4. c3 Nf6 5. d3 d6 6. O-O a6 7. Bb3 O-O 8. h3 Be6 9. Re1 h6 10. Bc2 Bb6 11. d4 exd4 12. cxd4 Nb4 13. Nc3 Nxc2 14. Qxc2 d5 15. e5 Ne4 16. Nxe4 dxe4 17. Qxe4 Bd5 18. Qg4 Bxf3 19. Qxf3 Qxd4 20. Be3 Qxb2 21. Rab1 Qxa2 22. Bxb6 cxb6 23. Rxb6 Rae8 24. Qg3 Qa5 25. Rbb1 Re6 26. Re3 b5 27. f4 Qa2 28. Rbe1 Qc2 29. Qf3 Rfe8 30. f5 R6e7 31. f6 Re6 32. Qf4 g5 33. Qd4 Qc4 34. Qd7 Qc5 35. Kh2 b4 36. Re4 b3 37. Qb7 Qc3 38. R1e3 Qc2 39. Rxb3 Rxe5 40. Rxe5 Rxe5 41. Qc8+ Kh7 42. Qxc2+ 1-0


[Site "https://www.chess.com"]

[Event "Titled Tuesday Blitz January 31 Early 2023"]
[White "Harshavardhan G B"]
[Black "Ordekalog"]
[WhiteFideId "25059009"]
[WhiteElo "2408"]
[BlackElo "2589"]
[Result "0-1"]
[Round "04"]
[TimeControl "180+2"]
[Date "2023.01.31"]
[WhiteClock "0:00:38"]
[BlackClock "0:00:10"]

1. Nf3 d5 2. g3 c5 3. Bg2 Nc6 4. O-O Nf6 5. d3 Bg4 6. Nbd2 e6 7. e4 Qc7 8. c3 Rd8 9. Qe2 Be7 10. h3 Bxf3 11. Nxf3 O-O 12. Bf4 Qb6 13. g4 c4 14. dxc4 dxe4 15. Ne5 Bd6 16. Nxc6 Qxc6 17. Bxd6 Rxd6 18. Rad1 Rfd8 19. Rxd6 Qxd6 20. g5 Ne8 21. Qxe4 b6 22. Bf3 Qc5 23. h4 Nd6 24. Rd1 Qxf2+ 25. Kxf2 Nxe4+ 26. Ke1 Rxd1+ 27. Kxd1 Nd6 28. b3 f5 29. gxf6 gxf6 30. Kd2 f5 31. Kd3 e5 32. Bd5+ Kg7 33. b4 Kf6 34. c5 bxc5 35. bxc5 e4+ 36. Kd4 Nb5+ 37. Kc4 Nc7 38. Kd4 Ne6+ 39. Kc4 Ke5 40. Bb7 f4 41. Kb4 f3 42. c6 Nc7 43. Bc8 e3 44. Bg4 e2 45. Bxf3 e1=Q 0-1


[Site "https://www.chess.com"]

[Event "Titled Tuesday Blitz January 31 Early 2023"]
[White "Sharapov, Evgeny"]
[Black "Averjanov, Alexey"]
[WhiteFideId "14103133"]
[BlackFideId "14109867"]
[WhiteElo "2375"]
[BlackElo "2399"]
[Result "1/2-1/2"]
[Round "04"]
[TimeControl "180+2"]
[Date "2023.01.31"]
[WhiteClock "0:01:47"]
[BlackClock "0:01:21"]

1. e4 c6 2. d4 d5 3. Nc3 dxe4 4. Nxe4 Bf5 5. Ng3 Bg6 6. h4 h6 7. Nf3 Nd7 8. h5 Bh7 9. Bd3 Bxd3 10. Qxd3 e6 11. Bd2 Ngf6 12. O-O-O Be7 13. Kb1 O-O 14. Nf1 c5 15. g4 cxd4 16. g5 Nd5 17. gxh6 Qb6 18. Rg1 Bf6 19. Bg5 Nc3+ 20. Ka1 Nxd1 21. Qxd1 Kh8 22. Bxf6 gxf6 23. Rg7 Rac8 24. Qd3 f5 25. Ng5 Ne5 26. Rh7+ Kg8 27. Rg7+ Kh8 28. Rh7+ Kg8 29. Rg7+ Kh8 1/2-1/2


[Site "https://www.chess.com"]

[Event "Titled Tuesday Blitz January 31 Early 2023"]
[White "Shapiro, Viktor"]
[Black "Cherniaiev, Tykhon"]
[WhiteFideId "4175700"]
[BlackFideId "14182360"]
[WhiteElo "2192"]
[BlackElo "2330"]
[Result "0-1"]
[Round "04"]
[TimeControl "180+2"]
[Date "2023.01.31"]
[WhiteClock "0:00:44"]
[BlackClock "0:00:13"]

1. c4 e5 2. Nc3 Nf6 3. g3 d5 4. cxd5 Nxd5 5. Bg2 Nb6 6. Nf3 Nc6 7. d3 Be7 8. a3 a5 9. Rb1 O-O 10. O-O Be6 11. Be3 Nd5 12. Bd2 Re8 13. b4 axb4 14. Nxd5 Bxd5 15. axb4 Nd4 16. Nxd4 Bxg2 17. Ne6 Qd7 18. Kxg2 Qxe6 19. Qb3 Qxb3 20. Rxb3 Ra2 21. Rd1 Bd6 22. Kf1 h6 23. b5 Rd8 24. Be3 Ra3 25. Rdb1 Rxb3 26. Rxb3 Ra8 27. f4 Ra4 28. fxe5 Bxe5 29. Kg2 Bd6 30. Kf3 g5 31. h3 Kg7 32. Bf2 h5 33. e4 Kg6 34. g4 hxg4+ 35. hxg4 f6 36. d4 b6 37. Be3 Rc4 38. Bf2 Kf7 39. Be3 Ke6 40. Bf2 Kf7 41. Be3 Bb4 42. Ke2 Bd6 43. Kd3 Ra4 44. Bd2 Ra1 45. Bb4 Bxb4 46. Rxb4 Ra3+ 47. Kd2 Rg3 48. Rc4 Rxg4 49. Rxc7+ Kg6 50. Kd3 Rg3+ 51. Kc4 Re3 52. Kd5 g4 53. Rc6 g3 54. e5 g2 55. Rxf6+ Kg7 56. Rxb6 g1=Q 57. Rb7+ Kg6 58. Rb6+ Kg5 59. Rb8 Qh1+ 60. Kd6 Qh6+ 61. Kc5 Rc3+ 62. Kb4 Rc1 63. Rg8+ Kf5 64. Rf8+ Qxf8+ 0-1


[Site "https://www.chess.com"]

[Event "Titled Tuesday Blitz January 31 Early 2023"]
[White "Azarov, Sergei"]
[Black "Bethke, Richard"]
[WhiteFideId "13501470"]
[BlackFideId "12959243"]
[WhiteElo "2582"]
[BlackElo "2382"]
[Result "1-0"]
[Round "04"]
[TimeControl "180+2"]
[Date "2023.01.31"]
[WhiteClock "0:00:08"]
[BlackClock "0:00:02"]

1. e4 c5 2. Nf3 d6 3. d4 cxd4 4. Nxd4 Nf6 5. Nc3 a6 6. Be2 e5 7. Nb3 Be7 8. O-O O-O 9. Kh1 Nc6 10. f4 b5 11. Bf3 Be6 12. Nd5 Rc8 13. a4 Bxd5 14. exd5 Nb4 15. c3 e4 16. Be2 Nbxd5 17. axb5 axb5 18. Bxb5 Qb6 19. Nd4 Ra8 20. Rxa8 Rxa8 21. Bc6 Ra1 22. Qe2 e3 23. Kg1 Bf8 24. g3 Ne7 25. Bf3 Ned5 26. Qc4 e2 27. Qxe2 h6 28. Kg2 Rb1 29. Qd3 Ra1 30. Nf5 Nc7 31. Be3 Qxb2+ 32. Rf2 Qb3 33. Bd4 Ne6 34. Bxf6 gxf6 35. Bd5 Qb1 36. Qxb1 Rxb1 37. Re2 Rc1 38. c4 Rc3 39. h4 Nc7 40. Re8 Nxd5 41. cxd5 Rd3 42. Nxh6+ Kh7 43. Rxf8 Kxh6 44. Rxf7 Kg6 45. Rd7 Rxd5 46. g4 Rd3 47. f5+ Kh6 48. Rf7 d5 49. Rxf6+ Kg7 50. Rg6+ Kh7 51. Rd6 d4 52. g5 Rd1 53. Rd7+ Kg8 54. f6 Rd2+ 55. Kg3 Rd1 56. Kg2 Rd2+ 57. Kh3 Rd1 58. g6 Rh1+ 59. Kg4 Rg1+ 60. Kh5 Re1 61. Rd8+ 1-0


[Site "https://www.chess.com"]

[Event "Titled Tuesday Blitz January 31 Early 2023"]
[White "Garv Gaur"]
[Black "Preotu, Razvan"]
[WhiteFideId "45030839"]
[BlackFideId "2613280"]
[WhiteElo "2006"]
[BlackElo "2475"]
[Result "0-1"]
[Round "04"]
[TimeControl "180+2"]
[Date "2023.01.31"]
[WhiteClock "0:00:04"]
[BlackClock "0:00:04"]

1. Nf3 c5 2. g3 Nc6 3. Bg2 e5 4. d3 d5 5. O-O Be7 6. Nbd2 Be6 7. e4 d4 8. a4 h5 9. Ne1 h4 10. f4 hxg3 11. hxg3 Bh3 12. Ndf3 Bxg2 13. Nxg2 Qd7 14. f5 Nf6 15. Bg5 Ng4 16. Bxe7 Kxe7 17. Nfh4 Nf6 18. b3 Rag8 19. Qf3 Kd8 20. Kf2 Kc8 21. Rh1 g5 22. fxg6 Ng4+ 23. Ke2 fxg6 24. Raf1 a5 25. Kd1 Kb8 26. Ke2 Ka7 27. Kd1 Nb4 28. Kc1 c4 29. dxc4 d3 30. cxd3 Rf8 31. Qe2 Nf2 32. Ne1 Qd4 33. Nhf3 Qa1+ 34. Kd2 Nxh1 35. Ke3 Rd8 36. Rxh1 Rxh1 37. Nd2 Qd4+ 38. Kf3 Nxd3 39. Nc2 Rf8+ 40. Kg4 Nf2+ 41. Kg5 Qd8+ 42. Kxg6 Qf6# 0-1


[Site "https://www.chess.com"]

[Event "Titled Tuesday Blitz January 31 Early 2023"]
[White "Shipov, Sergei"]
[Black "Cella, Glaucio Dalla Cortt"]
[WhiteFideId "4113624"]
[BlackFideId "2119455"]
[WhiteElo "2541"]
[BlackElo "1894"]
[Result "1/2-1/2"]
[Round "04"]
[TimeControl "180+2"]
[Date "2023.01.31"]
[WhiteClock "0:00:30"]
[BlackClock "0:00:37"]

1. d4 Nf6 2. c4 e5 3. dxe5 Ng4 4. e3 Nxe5 5. Nc3 Nbc6 6. f4 Ng6 7. a3 a5 8. Bd3 Bc5 9. Qh5 d6 10. Nf3 Qe7 11. Nd5 Qd7 12. O-O Nce7 13. Kh1 Nxd5 14. cxd5 Qg4 15. Qxg4 Bxg4 16. Ng5 O-O 17. Bd2 h6 18. Ne4 Bb6 19. Nc3 Bd7 20. b3 Rfe8 21. Rfe1 Ne7 22. e4 c6 23. dxc6 bxc6 24. Rad1 Rab8 25. Na4 Bf2 26. Rf1 Ba7 27. Bc2 Be6 28. b4 axb4 29. axb4 c5 30. bxc5 dxc5 31. Be3 Nc6 32. Bxc5 Bxc5 33. Nxc5 Bc4 34. Rfe1 Nb4 35. Ba4 Bb5 36. Bxb5 Rxb5 37. Na4 Nd3 38. Rxd3 Rxe4 39. Rd8+ Kh7 40. Rf1 Rxa4 41. Rd7 Rf5 42. g3 g5 43. Kg2 gxf4 44. Rxf4 Raxf4 45. gxf4 Rxf4 46. Kg3 Rf6 47. h4 Kg7 48. Rd5 Kg6 49. Kg4 h5+ 50. Rxh5 Rf4+ 51. Kxf4 Kxh5 52. Kg3 f5 53. Kf4 Kxh4 54. Kxf5 1/2-1/2


[Site "https://www.chess.com"]

[Event "Titled Tuesday Blitz January 31 Early 2023"]
[White "Goltsev, Dmitry"]
[Black "Borrmann, Laurenz"]
[WhiteFideId "24176710"]
[BlackFideId "312187930"]
[WhiteElo "2269"]
[BlackElo "2304"]
[Result "1-0"]
[Round "04"]
[TimeControl "180+2"]
[Date "2023.01.31"]
[WhiteClock "0:00:14"]
[BlackClock "0:00:02"]

1. e4 c6 2. d4 d5 3. Nc3 dxe4 4. Nxe4 Nf6 5. Ng3 h5 6. h4 c5 7. Nf3 Nc6 8. Bb5 Qa5+ 9. c3 Qxb5 10. d5 Na5 11. b3 Bg4 12. c4 Qd7 13. Qd2 Bxf3 14. gxf3 b6 15. Bb2 O-O-O 16. O-O-O g6 17. Ne4 Bh6 18. Ng5 Rhf8 19. Rhe1 Nb7 20. Qf4 Ne8 21. Qe4 Bxg5+ 22. hxg5 Ned6 23. Qf4 Qf5 24. Qg3 Rde8 25. Re5 Qd7 26. Rde1 Nf5 27. Qf4 Nbd6 28. a3 h4 29. Kb1 h3 30. b4 Rh8 31. Rh1 Rh4 32. Qc1 Rxc4 33. Qf1 Rh4 34. bxc5 bxc5 35. Ka1 Nc4 36. Re4 Nxb2 37. Kxb2 Qb7+ 38. Ka1 Rxe4 39. fxe4 Nd4 40. Qc4 Qb5 41. Qc3 Nb3+ 42. Ka2 c4 43. Rxh3 Kb8 44. Rh7 Ka8 45. Rxf7 Rb8 46. Rxe7 Nc5 47. Qb4 Qxb4 48. axb4 Nd3 49. Rc7 Nxb4+ 50. Ka3 Nc2+ 51. Ka4 Rb4+ 52. Ka5 Kb8 53. d6 Rb6 54. e5 Nb4 55. Rxc4 Nc6+ 56. Ka4 Nxe5 57. Re4 Nd7 58. Rd4 Kb7 59. f4 Kc6 60. f5 gxf5 61. g6 Rb8 62. Ka5 Rg8 63. Rf4 Rxg6 64. Rxf5 Kb7 65. Rd5 Rg1 66. Rd2 Rb1 67. Rc2 Rb6 68. Rc7+ Kb8 69. Rxd7 Rc6 70. Kb5 Rb6+ 71. Kc5 Rb1 72. Rh7 Rc1+ 73. Kd5 Rd1+ 74. Kc6 Rc1+ 75. Kd7 a5 76. Rh5 Kb7 77. Rxa5 Rd1 78. Re5 Kb6 79. Ke7 Kc6 80. Re2 Rd3 81. Rc2+ Kb7 82. d7 Re3+ 83. Kd8 Rd3 84. Re2 Kc6 85. Ke8 Rxd7 86. Rc2+ Kd6 87. Rd2+ Ke6 88. Rxd7 Ke5 89. Re7+ 1-0


[Site "https://www.chess.com"]

[Event "Titled Tuesday Blitz January 31 Early 2023"]
[White "Astafurov, Arseniy"]
[Black "Lortkipanidze, Nodar"]
[WhiteFideId "24175218"]
[BlackFideId "13604058"]
[WhiteElo "2263"]
[BlackElo "2406"]
[Result "0-1"]
[Round "04"]
[TimeControl "180+2"]
[Date "2023.01.31"]
[WhiteClock "0:00:03"]
[BlackClock "0:01:35"]

1. c4 e6 2. g3 d5 3. Bg2 c5 4. Nf3 Nc6 5. O-O Nf6 6. cxd5 exd5 7. d4 Be7 8. Nc3 O-O 9. Bg5 c4 10. b3 Qa5 11. Bd2 Bb4 12. Qe1 Bg4 13. a3 Bxc3 14. Bxc3 Qb5 15. bxc4 Qxc4 16. e3 Ne4 17. Rc1 Bxf3 18. Bxf3 Rfe8 19. Ba1 Qa4 20. Bxe4 Rxe4 21. Qc3 h5 22. Rb1 Qa6 23. Qb3 Re7 24. Rfc1 Rd8 25. a4 Na5 26. Qb5 Qxb5 27. Rxb5 Nc4 28. Bc3 b6 29. Ra1 a5 30. Be1 f6 31. Kf1 Kf7 32. h4 g5 33. hxg5 fxg5 34. Kg2 Re4 35. Rc1 Kf6 36. Rcb1 Rd6 37. Rc1 Rc6 38. Rcb1 Rd6 39. Rc1 h4 40. Rxd5 Nxe3+ 41. Kf3 Nxd5 42. Kxe4 h3 43. Bd2 Kg6 44. g4 Nf6+ 45. Kf3 Rxd4 46. Be3 Rxg4 47. Rh1 Rh4 48. Kg3 Nh5+ 49. Kf3 Rxa4 50. Rg1 Nf4 51. Rh1 Kf5 0-1


[Site "https://www.chess.com"]

[Event "Titled Tuesday Blitz January 31 Early 2023"]
[White "Costachi, Mihnea"]
[Black "Bagrationi, Alexander"]
[WhiteFideId "1217518"]
[BlackFideId "14104954"]
[WhiteElo "2476"]
[BlackElo "2454"]
[Result "1-0"]
[Round "04"]
[TimeControl "180+2"]
[Date "2023.01.31"]
[WhiteClock "0:00:10"]
[BlackClock "0:00:05"]

1. Nc3 e5 2. e4 Nc6 3. Bc4 Bc5 4. d3 d6 5. f4 Bxg1 6. Rxg1 Qh4+ 7. g3 Qxh2 8. Be3 Nd4 9. Bf2 Nf6 10. fxe5 Bg4 11. Bxd4 Bxd1 12. exf6 Bxc2 13. Nd5 gxf6 14. Nxc7+ Kd7 15. Nxa8 Rxa8 16. Rc1 f5 17. Bb5+ Ke7 18. exf5 a6 19. Bc4 Kd7 20. Bxf7 Bxd3 21. Be6+ Ke8 22. Bf2 Qh6 23. Rc7 Rd8 24. Bd4 d5 25. Bf7+ Kf8 26. Be6 Ke8 27. Kd1 Rd6 28. Re1 Kd8 29. Rc8+ Ke7 30. f6+ Qxf6 31. Rc7+ Kd8 32. Bxf6+ Kxc7 33. Be5 Be4 34. Bxd6+ Kxd6 35. Bc8 Ke5 36. Bxb7 a5 37. Rxe4+ 1-0


[Site "https://www.chess.com"]

[Event "Titled Tuesday Blitz January 31 Early 2023"]
[White "Bilych, Olexiy"]
[Black "Ongut, Tamas Gunes"]
[WhiteFideId "14156504"]
[BlackFideId "770280"]
[WhiteElo "2441"]
[BlackElo "2299"]
[Result "1-0"]
[Round "04"]
[TimeControl "180+2"]
[Date "2023.01.31"]
[WhiteClock "0:01:20"]
[BlackClock "0:00:02"]

1. d4 d5 2. c4 e6 3. Nf3 Nf6 4. cxd5 exd5 5. Nc3 c6 6. Bf4 Bf5 7. e3 Nbd7 8. Nh4 Be6 9. Bd3 Ne4 10. Nf3 Bb4 11. Rc1 f5 12. O-O O-O 13. Qb3 Qb6 14. Nxe4 fxe4 15. Bxe4 Bg4 16. h3 Kh8 17. hxg4 dxe4 18. Ng5 Nf6 19. Nf7+ Kg8 20. Ne5+ Kh8 21. g5 Nd5 22. Nd7 Nxf4 23. Nxb6 Ne2+ 24. Kh2 1-0


[Site "https://www.chess.com"]

[Event "Titled Tuesday Blitz January 31 Early 2023"]
[White "Sokolovsky, Yahli"]
[Black "Koepke, Christian"]
[WhiteFideId "2820242"]
[BlackFideId "4655737"]
[WhiteElo "2461"]
[BlackElo "2308"]
[Result "1/2-1/2"]
[Round "04"]
[TimeControl "180+2"]
[Date "2023.01.31"]
[WhiteClock "0:00:06"]
[BlackClock "0:00:12"]

1. b3 d5 2. e3 Bf5 3. Nf3 e6 4. d4 Nf6 5. Bd3 Nbd7 6. Bxf5 exf5 7. Qd3 g6 8. O-O c6 9. c4 Be7 10. Ba3 Bxa3 11. Nxa3 Qe7 12. Nb1 O-O 13. Nc3 Rac8 14. Rac1 Rfd8 15. cxd5 cxd5 16. Qb5 Nb6 17. Ne5 Qd6 18. Rc2 a6 19. Qa5 Ne4 20. Rfc1 f6 21. Nd3 Rxc3 22. Rxc3 Nxc3 23. Rxc3 Rc8 24. Rc5 Rc6 25. g3 h5 26. Nb4 Rc7 27. Rxc7 Qxc7 28. Nxd5 Qc1+ 29. Kg2 Qc6 30. e4 Nxd5 31. Qxd5+ Qxd5 32. exd5 Kf7 33. a4 Ke7 34. a5 Kd6 35. Kf3 Kxd5 36. Ke3 g5 37. f4 Kc6 38. fxg5 fxg5 39. h4 f4+ 40. gxf4 g4 41. f5 Kd5 42. Kf4 Kd6 43. b4 Kd5 44. Ke3 Kd6 45. Ke4 Kd7 46. d5 Kd6 47. f6 Kd7 48. Kf4 Kd6 49. Kg3 Kd7 50. Kg2 Kd6 51. Kf2 Kd7 52. Ke3 Kd6 53. Kf4 Kd7 54. Kg3 Kd6 55. Kh2 Kd7 56. Kg1 Kd6 57. Kf1 Kd7 58. Ke2 Kd6 59. Ke3 Kd7 60. Kf4 Kd6 61. Kg3 Kd7 62. Kh2 Kd6 63. Kh1 Kd7 64. Kg1 Kd6 65. Kf1 Kd7 66. Ke2 Kd6 67. Kd3 Kd7 68. Kd4 Kd6 69. Ke4 Kd7 70. Kf4 1/2-1/2


[Site "https://www.chess.com"]

[Event "Titled Tuesday Blitz January 31 Early 2023"]
[White "Lotfizadeh, Mehdi"]
[Black "Papasimakopoulos, Alexandros"]
[WhiteFideId "42513618"]
[BlackFideId "4244125"]
[WhiteElo "1529"]
[BlackElo "2401"]
[Result "1-0"]
[Round "04"]
[TimeControl "180+2"]
[Date "2023.01.31"]
[WhiteClock "0:00:01"]
[BlackClock "0:00:01"]

1. Nf3 f5 2. g3 Nf6 3. Bg2 g6 4. b3 Bg7 5. Bb2 O-O 6. O-O a5 7. c4 a4 8. d4 c6 9. Nbd2 Ne4 10. Qc2 a3 11. Bc1 d5 12. Rb1 Nd7 13. b4 Nb6 14. c5 Nxd2 15. Nxd2 Nd7 16. Nf3 e5 17. dxe5 Nxe5 18. Nxe5 Bxe5 19. Rb3 Be6 20. Rxa3 Rxa3 21. Bxa3 Qa8 22. Bc1 Qa6 23. a3 Re8 24. e3 Rd8 25. Bb2 Bxb2 26. Qxb2 Kf7 27. Ra1 Qc4 28. Bf1 Qe4 29. Rd1 Ra8 30. Qc3 Re8 31. h4 Ra8 32. Be2 f4 33. gxf4 Qf5 34. Bf3 Qh3 35. Bg2 Qxh4 36. Qe5 Rxa3 37. b5 Ra2 38. Rf1 Qf6 39. Qc7+ Qe7 40. b6 Qxc7 41. bxc7 Ke7 42. Rb1 Ra7 43. Kh2 Kd7 44. Bh3 Bxh3 45. Kxh3 Kxc7 46. Kg4 Ra2 47. Rh1 h5+ 48. Kg5 Rxf2 49. Kxg6 Rc2 50. f5 Rxc5 51. f6 Rc2 52. f7 Rf2 53. Kg7 c5 54. f8=Q Rxf8 55. Kxf8 Kd6 56. Rxh5 c4 57. Kf7 b5 58. Kf6 b4 59. Rh8 b3 60. Rb8 d4 61. exd4 Kd5 62. Rd8+ Ke4 63. d5 c3 64. d6 b2 65. Re8+ Kf4 66. d7 b1=Q 67. d8=Q Qb2 68. Qd6+ Kf3 69. Qd5+ Kf2 70. Qd4+ Kf1 71. Qf4+ Kg1 72. Rg8+ Kh1 73. Qh4+ Qh2 74. Qe1+ 1-0


[Site "https://www.chess.com"]

[Event "Titled Tuesday Blitz January 31 Early 2023"]
[White "Bochnicka, Vladimir"]
[Black "Kosteniuk, Alexandra"]
[WhiteFideId "14943450"]
[BlackFideId "4128125"]
[WhiteElo "2327"]
[BlackElo "2535"]
[Result "0-1"]
[Round "04"]
[TimeControl "180+2"]
[Date "2023.01.31"]
[WhiteClock "0:00:13"]
[BlackClock "0:00:40"]

1. e4 c6 2. d4 d5 3. e5 c5 4. dxc5 e6 5. a3 Bxc5 6. b4 Be7 7. Bb2 Nh6 8. Nf3 f6 9. Bd3 O-O 10. O-O Nc6 11. Nbd2 Nf7 12. Re1 fxe5 13. Nxe5 Nfxe5 14. Rxe5 Nxe5 15. Bxe5 Qe8 16. Qg4 Bf6 17. Nf3 Qe7 18. Re1 g6 19. Qg3 Qg7 20. h4 Bd7 21. Re3 a5 22. b5 Bxe5 23. Nxe5 Be8 24. Qg4 Qf6 25. Nf3 Bd7 26. Re5 Qf4 27. Qh3 Rf6 28. h5 Kg7 29. hxg6 hxg6 30. Rxd5 exd5 31. Qxd7+ Rf7 32. Qxd5 Re8 33. Qd4+ Qxd4 34. Nxd4 Rf4 35. Ne2 Ra4 36. Nc3 Rxa3 37. Nd5 Ra1+ 38. Kh2 a4 39. c4 a3 40. c5 a2 41. Nb4 Rh1+ 42. Kxh1 a1=Q+ 43. Kh2 Rh8+ 44. Kg3 Qe5+ 0-1


[Site "https://www.chess.com"]

[Event "Titled Tuesday Blitz January 31 Early 2023"]
[White "Guliev, Logman"]
[Black "Nigmatov, Ortik"]
[WhiteFideId "13400061"]
[BlackFideId "14202131"]
[WhiteElo "2250"]
[BlackElo "2438"]
[Result "1-0"]
[Round "04"]
[TimeControl "180+2"]
[Date "2023.01.31"]
[WhiteClock "0:01:16"]
[BlackClock "0:00:30"]

1. e4 c5 2. Nf3 e6 3. d4 cxd4 4. Nxd4 Nf6 5. Bd3 Nc6 6. Nxc6 bxc6 7. O-O d5 8. Nd2 Be7 9. c4 O-O 10. Qc2 Qc7 11. cxd5 Bb7 12. Nf3 exd5 13. exd5 h6 14. dxc6 Qxc6 15. Qxc6 Bxc6 16. Ne5 Bd5 17. Be3 a5 18. Bc4 Rab8 19. Bxd5 Nxd5 20. Nd7 Rxb2 21. Nxf8 Bxf8 22. Bd4 Rb4 23. Rfd1 Nf4 24. Kf1 a4 25. Be3 Ne6 26. Rab1 Re4 27. Rb8 h5 28. Ra8 Rc4 29. Rc1 Re4 30. Rcc8 h4 31. Bc5 Nxc5 32. Rxc5 Rb4 33. Rcc8 Rb1+ 34. Ke2 Rb2+ 35. Kf3 Rxa2 36. Rxf8+ Kh7 37. Rxf7 a3 38. Rfa7 1-0


[Site "https://www.chess.com"]

[Event "Titled Tuesday Blitz January 31 Early 2023"]
[White "Klekowski, Maciej"]
[Black "Vagman, Roy"]
[WhiteFideId "1132717"]
[BlackFideId "2828995"]
[WhiteElo "2477"]
[BlackElo "2273"]
[Result "1-0"]
[Round "04"]
[TimeControl "180+2"]
[Date "2023.01.31"]
[WhiteClock "0:00:11"]
[BlackClock "0:00:01"]

1. Nc3 d5 2. e3 Nf6 3. f4 g6 4. Nf3 Bg7 5. g3 O-O 6. Bg2 c5 7. O-O d4 8. exd4 cxd4 9. Nb5 d3 10. c3 Nc6 11. Nbd4 Bg4 12. Nxc6 bxc6 13. b3 Ne4 14. Qe1 Qd5 15. Ba3 Rfe8 16. Ng5 Nxg5 17. Bxd5 Nh3+ 18. Kg2 cxd5 19. Rf3 e5 20. fxe5 Rxe5 21. Re3 Rae8 22. Bc5 Ng5 23. h4 Bh3+ 24. Kh1 Rxe3 25. Bxe3 Nf3 26. Qf2 Bf5 27. Kg2 Ne5 28. Re1 Be4+ 29. Kf1 Ng4 30. Qg1 Re6 31. Bf4 h5 32. Qxa7 Nh2+ 33. Kf2 Ng4+ 34. Kg1 Bf8 35. b4 Kg7 36. a4 Kg8 37. a5 g5 38. hxg5 Rc6 39. a6 f6 40. g6 Bxg6 41. Qb7 1-0


[Site "https://www.chess.com"]

[Event "Titled Tuesday Blitz January 31 Early 2023"]
[White "Ioannidis, Evgenios"]
[Black "Gatterer, Florian"]
[WhiteFideId "4229274"]
[BlackFideId "811688"]
[WhiteElo "2467"]
[BlackElo "2170"]
[Result "1-0"]
[Round "04"]
[TimeControl "180+2"]
[Date "2023.01.31"]
[WhiteClock "0:00:06"]
[BlackClock "0:00:03"]

1. d4 Nf6 2. c4 e6 3. Nc3 Bb4 4. Qc2 O-O 5. e4 d5 6. e5 Ne4 7. Bd3 c5 8. Nf3 cxd4 9. Nxd4 Nd7 10. Bf4 Qh4 11. g3 Qh5 12. h4 h6 13. Be2 Qg6 14. h5 Qh7 15. Bd3 Bxc3+ 16. bxc3 Ndc5 17. f3 Nxd3+ 18. Qxd3 Nc5 19. Qxh7+ Kxh7 20. cxd5 exd5 21. O-O-O Be6 22. Nb5 a6 23. Nd6 b5 24. Rd4 Na4 25. Bd2 Nb6 26. f4 Nc4 27. f5 Nxd6 28. fxe6 Nf5 29. e7 Nxe7 30. Re1 Rfd8 31. e6 f6 32. g4 Rac8 33. Kb2 Nc6 34. e7 Re8 35. Rxd5 Rxe7 36. Rxe7 Nxe7 37. Rd7 Nc6 38. Bf4 Na5 39. Ra7 Nc4+ 40. Kc2 Rc6 41. Kd3 Kg8 42. Ke4 a5 43. Kd5 Rc8 44. Ke6 Re8+ 45. Kf5 Ne3+ 46. Kg6 Nxg4 47. Rxg7+ Kh8 48. Rb7 Ne5+ 49. Kxf6 Nd3 50. Bxh6 Nc5 51. Rxb5 Nd7+ 52. Kg6 Re6+ 53. Kg5 Kh7 54. Rb7 Re5+ 55. Kf4 Kxh6 56. Rxd7 Rc5 57. Rd6+ Kxh5 58. Rd3 Rc4+ 59. Ke5 Ra4 60. Rd2 Kg6 61. Kd5 Kf7 62. Re2 Ra3 63. c4 Rd3+ 64. Kc6 a4 65. c5 a3 66. Kc7 Rd4 67. c6 Rb4 68. Re3 1-0


[Site "https://www.chess.com"]

[Event "Titled Tuesday Blitz January 31 Early 2023"]
[White "Kielinkei"]
[Black "Wieczorek, Oskar"]
[BlackFideId "1133950"]
[WhiteElo "2440"]
[BlackElo "2512"]
[Result "0-1"]
[Round "04"]
[TimeControl "180+2"]
[Date "2023.01.31"]
[WhiteClock "0:00:03"]
[BlackClock "0:00:10"]

1. e4 c5 2. c3 g6 3. d4 d5 4. e5 Nc6 5. h3 cxd4 6. cxd4 Bg7 7. Nf3 f6 8. exf6 Nxf6 9. Nc3 O-O 10. Be2 Bf5 11. O-O Kh8 12. Be3 Ne4 13. Rc1 Rc8 14. Nh4 e5 15. Nxf5 gxf5 16. Nxe4 fxe4 17. Bg4 Rc7 18. dxe5 d4 19. Bd2 Nxe5 20. Bb4 Rxc1 21. Qxc1 Nd3 22. Qc4 Nxb4 23. Qxb4 Qf6 24. Qxb7 e3 25. Bf3 exf2+ 26. Rxf2 d3 27. Qe4 Qd4 28. Kf1 Qd6 29. Rd2 Rd8 30. Kg1 Bh6 31. Rd1 d2 32. Qf5 Qb6+ 33. Kh1 Re8 34. Be4 Qc7 35. Qf6+ Bg7 36. Qf5 Bxb2 37. Rxd2 Qc1+ 38. Kh2 Be5+ 39. g3 Qxd2+ 40. Kg1 Qe1+ 41. Kg2 Qxg3+ 42. Kf1 Qf4+ 0-1


[Site "https://www.chess.com"]

[Event "Titled Tuesday Blitz January 31 Early 2023"]
[White "Aradhya, Garg"]
[Black "Oglaza, Oskar"]
[WhiteFideId "25006746"]
[BlackFideId "1194402"]
[WhiteElo "2284"]
[BlackElo "2304"]
[Result "1-0"]
[Round "04"]
[TimeControl "180+2"]
[Date "2023.01.31"]
[WhiteClock "0:00:27"]
[BlackClock "0:00:10"]

1. d4 Nf6 2. c4 g6 3. Nf3 d5 4. cxd5 Nxd5 5. e4 Nb6 6. Nc3 Bg7 7. Be3 O-O 8. Be2 a6 9. O-O Bg4 10. d5 Bxf3 11. gxf3 N8d7 12. a4 c6 13. a5 Nc8 14. Kh1 Nd6 15. Qb3 Nb5 16. Nxb5 cxb5 17. Qb4 e6 18. Rad1 Qe8 19. Rd2 Rd8 20. Rfd1 f5 21. dxe6 Qxe6 22. Qd6 Qb3 23. Qd5+ Qxd5 24. Rxd5 Rf7 25. exf5 Bf6 26. fxg6 hxg6 27. Bf1 Kf8 28. Bh3 Ke8 29. Re1 Re7 30. Red1 Rf7 31. Be6 Re7 32. Bg4 Rf7 33. Bf4 Nf8 34. Re1+ Re7 35. Rxe7+ Kxe7 36. Rc5 Bxb2 37. Rc7+ Kf6 38. Rxb7 Rd1+ 39. Kg2 Bd4 40. Rb6+ Bxb6 41. axb6 Nd7 42. Bxd7 Rxd7 43. Bc7 Ke6 44. b7 Rxc7 45. b8=Q Rc6 46. Qe8+ Kd5 47. Qd7+ Ke5 48. Qxc6 b4 49. Qxa6 b3 50. Qxg6 b2 51. Qb1 1-0


[Site "https://www.chess.com"]